Map: King's Cove LE

Players

LtRyanW

  • Race: Terran Terran
  • League: Silver
  • Spawn Location: 11:00

TiPtOP - Winner!

  • Race: Terran Terran
  • League: Silver
  • Spawn Location: 5:00

VOD

Have the link to the VOD?

Description

Time

  • Played on: Aug. 18, 2019, 5:01 a.m.
  • Length: 29:17
Show
View Real Time Build Order
Export as new Build Order

LtRyanW Terran 

Build Orders:  

Get SALT Encoding   

  12  0:01  SCV  
  13  0:14  SCV  
  14  0:20  Supply Depot  
  14  0:28  SCV  
  15  0:42  SCV  
  16  0:44  Barracks  
  16  0:52  Refinery  
  16  0:54  SCV  
  17  1:09  SCV  
  18  1:19  Refinery  
  18  1:21  SCV  
  19  1:33  SCV  
  19  1:35  Supply Depot  
  20  1:44  Marine  
  21  1:47  SCV  
  22  1:54  Factory  
  22  2:02  Marine  
  22  2:05  Supply Depot  
  22  2:06  SCV  
  24  2:20  Marine, Orbital Command  
  25  2:30  Supply Depot  
  25  2:42  Starport  
  25  2:44  Factory Tech Lab  
  25  2:47  Marine  
  26  2:52  SCV  
  27  3:05  Marine  
  28  3:10  Supply Depot  
  28  3:20  Fusion Core  
  28  3:21  Starport Tech Lab  
  28  3:25  Siege Tank  
  28  3:26  Marine  
  32  3:36  Supply Depot  
  32  3:44  Marine  
  33  4:02  Marine  
  40  4:17  Battlecruiser  
  40  4:24  Marine  
  41  4:33  Supply Depot  
  41  4:39  Siege Tank  
  41  4:42  Marine  
  45  4:57  Supply Depot  
  45  5:00  Marine  
  46  5:18  Marine  
  47  5:36  Marine  
  48  6:13  Weapon Refit  
  48  6:14  Battlecruiser  
  45  7:26  Marine  
  44  7:37  Command Center  
  44  7:42  Battlecruiser  
  50  7:44  Marine  
  50  7:50  Command Center  
  51  8:00  Siege Tank  
  51  8:02  Marine  
  55  8:20  Marine  
  56  8:38  Marine  
  57  8:55  Marine  
  57  8:58  Battlecruiser  
  64  9:06  Siege Tank  
  67  9:12  Orbital Command  
  67  9:39  Orbital Command  
  67  9:57  Marine, Armory  
  68  10:13  SCV  
  69  10:15  SCV, Marine  
  71  10:25  SCV  
  71  10:27  Refinery, SCV  
  73  10:37  SCV  
  73  10:39  SCV  
  75  10:49  SCV  
  76  10:51  Refinery  
  76  10:52  SCV  
  77  12:14  SCV  
  78  12:26  SCV  
  78  12:29  SCV  
  80  12:38  SCV  
  80  12:41  Battlecruiser, SCV  
  88  12:49  Terran Ship Weapons Level 1  
  88  12:50  SCV  
  89  12:53  Engineering Bay, SCV  
  90  12:59  Factory  
  90  13:02  SCV  
  91  13:06  SCV, Supply Depot  
  92  13:30  Supply Depot  
  92  13:34  Barracks Tech Lab  
  92  13:35  Thor  
  92  13:41  Terran Infantry Weapons Level 1  
  98  13:44  Factory Tech Lab  
  98  13:53  SCV  
  98  13:54  Supply Depot  
  99  13:58  Refinery  
  99  14:03  Battlecruiser  
  99  14:05  SCV  
  99  14:08  Missile Turret  
  106  14:17  SCV, Supply Depot  
  106  14:18  Thor  
  106  14:21  Refinery  
  113  14:28  Missile Turret  
  113  14:41  Supply Depot  
  113  14:43  Terran Vehicle And Ship Armor Level 1  
  113  15:10  Supply Depot  
  107  15:32  Supply Depot  
  107  15:39  SCV  
  108  15:51  SCV  
  108  15:53  SCV  
  110  16:03  SCV  
  111  16:06  Command Center  
  111  16:15  SCV  
  112  16:18  Sensor Tower  
  112  16:53  Missile Turret  
  112  16:58  Refinery  
  112  17:06  Terran Infantry Weapons Level 2  
  112  17:07  Ghost Academy  
  112  17:13  Supply Depot  
  112  17:16  Missile Turret  
  112  17:21  Terran Vehicle And Ship Armor Level 2  
  112  17:25  Refinery  
  112  17:30  Planetary Fortress  
  112  17:35  Supply Depot  
  112  17:55  Siege Tank x2  
  112  17:57  Supply Depot  
  118  18:16  Orbital Command  
  118  18:17  SCV  
  119  18:27  Siege Tank x2  
  119  18:29  SCV  
  126  18:35  Starport  
  126  18:41  SCV  
  127  18:52  Medivac  
  129  18:57  Combat Shield  
  129  19:03  Marauder  
  129  19:08  SCV  
  132  19:10  SCV  
  132  19:14  Starport  
  133  19:22  Terran Infantry Armor Level 1  
  133  19:24  Marauder  
  133  19:31  Missile Turret  
  135  19:36  Terran Ship Weapons Level 2  
  137  19:46  Marauder  
  137  19:52  Missile Turret, Barracks  
  137  20:07  Siege Tank  
  137  20:08  Siege Tank  
  137  20:11  Nuke  
  137  20:12  Refinery  
  143  20:16  Stimpack, Starport Tech Lab  
  143  20:17  Starport Tech Lab  
  140  20:38  Refinery  
  140  20:39  Thor x2  
  140  20:41  Barracks  
  146  20:54  Personal Cloaking  
  118  21:16  Neosteel Armor  
  87  21:53  Terran Vehicle Weapons Level 1  
  87  21:55  Thor x2  
  99  22:10  Barracks Tech Lab  
  99  22:11  Barracks Reactor  
  99  22:15  Marine  
  100  22:17  Concussive Shells  
  100  22:33  Marine  
  101  22:38  Thor x2  
  113  22:50  Marine  
  114  22:56  Terran Infantry Weapons Level 3  
  113  23:08  Marine  
  113  23:10  Missile Turret  
  114  23:26  Thor x2, Marine  
  127  23:31  Command Center  
  127  23:38  Marauder  
  129  23:44  Marauder  
  129  23:47  Terran Vehicle And Ship Armor Level 3  
  131  23:59  Marauder  
  133  24:06  Marauder  
  133  24:09  Siege Tank x2  
  141  24:20  Marauder  
  143  24:37  Command Center  
  143  24:41  Siege Tank  
  57  25:33  Terran Infantry Armor Level 2  
  57  25:39  SCV  
  58  25:49  Planetary Fortress  
  58  25:51  SCV  
  58  25:53  Missile Turret  
  59  26:04  SCV  
  60  26:16  SCV  
  60  26:17  Sensor Tower  
  61  26:24  Terran Ship Weapons Level 3  
  61  26:28  SCV  
  62  26:36  Missile Turret  
  62  26:39  Siege Tank x2, Refinery  
  68  26:40  SCV  
  69  26:48  Factory  
  69  26:52  SCV  
  70  26:58  Marine x2  
  70  26:59  Marine x2  
  74  27:07  Battlecruiser  
  74  27:08  Battlecruiser x2, Refinery  
  92  27:11  Siege Tank x2  
  98  27:16  Marine x3  
  98  27:17  Marine  
  102  27:34  Refinery, Marine x4  
  106  27:43  Siege Tank x2  
  97  27:49  Hi-Sec Auto Tracking  
  97  27:52  Marine  
  91  28:15  Siege Tank, Thor  
  88  29:04  Factory Tech Lab  
Show
View Real Time Build Order
Export as new Build Order

TiPtOP Terran - Winner!

Build Orders: 2 Factory 

Get SALT Encoding   

  12  0:01  SCV  
  13  0:13  SCV  
  14  0:20  Supply Depot  
  14  0:25  SCV  
  15  0:41  SCV  
  15  0:42  Barracks  
  16  0:46  Refinery  
  16  0:53  SCV  
  17  1:05  SCV  
  18  1:18  SCV  
  19  1:34  Supply Depot  
  19  1:35  Orbital Command  
  19  1:43  Marine  
  20  1:55  Factory  
  20  2:00  Refinery  
  20  2:01  SCV  
  21  2:13  SCV  
  22  2:20  Barracks Tech Lab  
  22  2:24  Command Center  
  22  2:32  SCV  
  23  2:44  SCV  
  23  2:50  Supply Depot  
  23  2:52  Siege Tank  
  26  3:04  Factory  
  26  3:06  SCV  
  27  3:18  SCV  
  28  3:20  Supply Depot  
  28  3:24  Siege Tank  
  31  3:32  SCV  
  32  3:43  Armory  
  32  3:50  Factory Reactor  
  32  4:04  Orbital Command  
  32  4:05  Refinery  
  32  4:06  SCV  
  32  4:07  Refinery  
  33  4:18  SCV  
  34  4:28  Siege Tank  
  34  4:31  SCV  
  38  4:44  SCV  
  38  4:45  Supply Depot  
  39  4:56  SCV  
  39  4:57  Hellbat x2  
  44  5:03  Engineering Bay  
  44  5:07  Supply Depot  
  44  5:08  SCV  
  44  5:09  Siege Tank  
  48  5:17  SCV  
  48  5:21  SCV  
  50  5:26  Terran Vehicle Weapons Level 1  
  50  5:29  Supply Depot  
  50  5:30  SCV  
  48  5:40  Thor  
  50  5:45  Missile Turret  
  39  6:11  Missile Turret  
  38  6:23  Thor  
  35  6:59  Widow Mine  
  37  7:20  Siege Tank  
  37  7:21  Widow Mine  
  36  7:29  Orbital Command  
  36  7:33  Supply Depot  
  36  7:36  Missile Turret  
  36  7:45  Missile Turret  
  36  7:48  Missile Turret  
  36  7:50  Missile Turret  
  36  7:52  SCV  
  36  7:54  Siege Tank  
  40  8:04  SCV  
  41  8:11  SCV  
  42  8:16  SCV  
  43  8:23  SCV  
  42  8:28  SCV  
  41  8:37  Missile Turret  
  41  8:40  SCV  
  33  8:49  SCV  
  34  8:58  Refinery  
  34  8:59  Refinery  
  34  9:01  SCV  
  35  9:23  SCV  
  36  9:35  SCV  
  37  9:40  Command Center  
  37  9:44  Factory  
  37  9:48  SCV  
  37  9:50  SCV  
  37  9:51  Thor  
  45  10:02  SCV  
  46  10:24  Supply Depot  
  46  10:25  Supply Depot  
  46  10:27  Supply Depot  
  46  10:29  Supply Depot  
  46  10:36  Factory Tech Lab  
  46  10:39  Missile Turret  
  46  10:40  Missile Turret  
  46  10:45  Thor, SCV  
  46  10:49  Supply Depot  
  45  11:21  Terran Vehicle And Ship Armor Level 1  
  40  11:28  Thor  
  46  11:49  Missile Turret  
  45  11:59  Thor  
  51  12:09  Missile Turret  
  51  12:11  SCV  
  52  12:23  SCV  
  53  12:35  SCV  
  53  12:36  SCV  
  55  12:42  Thor  
  61  12:48  SCV  
  62  12:54  SCV  
  63  13:00  SCV  
  64  13:08  SCV  
  64  13:12  SCV  
  66  13:20  SCV  
  66  13:24  SCV  
  68  13:27  SCV  
  69  13:39  SCV  
  70  13:43  Thor  
  76  13:51  Thor, SCV  
  83  14:03  SCV  
  83  14:08  SCV  
  85  14:15  SCV x2  
  87  14:20  SCV  
  88  14:26  Factory  
  88  14:27  SCV  
  88  14:28  SCV  
  90  14:32  SCV  
  91  14:39  SCV  
  91  14:41  Supply Depot  
  92  14:46  Supply Depot  
  92  14:49  Supply Depot  
  92  14:50  Supply Depot  
  92  14:55  Hi-Sec Auto Tracking  
  92  15:03  Terran Vehicle Weapons Level 2, Thor  
  92  15:06  SCV  
  99  15:07  SCV x2  
  101  15:18  SCV  
  96  15:40  Refinery, SCV x2  
  96  15:41  Refinery  
  96  15:42  Orbital Command  
  98  15:52  SCV x2  
  100  15:59  Thor x2, Factory Tech Lab  
  100  16:02  Neosteel Armor  
  112  16:04  SCV x2  
  114  16:24  SCV  
  115  16:30  Command Center  
  115  16:36  SCV  
  115  16:37  Missile Turret  
  116  16:48  SCV  
  123  16:54  Hellion x4  
  123  16:58  Missile Turret  
  125  17:10  Supply Depot  
  125  17:11  Supply Depot  
  125  17:12  Supply Depot  
  125  17:14  Supply Depot  
  125  17:18  Refinery  
  125  17:20  Armory  
  125  17:22  Supply Depot  
  125  17:25  Supply Depot  
  125  17:26  Supply Depot  
  125  17:31  Hellion, SCV  
  125  17:32  Hellion  
  125  17:36  Supply Depot  
  130  17:37  Supply Depot  
  130  17:42  Planetary Fortress  
  130  17:44  Refinery  
  130  17:47  SCV x3, Supply Depot  
  130  17:50  Supply Depot  
  133  17:52  Thor x2, Supply Depot  
  133  17:54  Hellion  
  147  17:59  SCV x2  
  147  18:00  Terran Vehicle And Ship Armor Level 2  
  149  18:30  Siege Tank  
  152  18:35  Hellion, Siege Tank x2, Hellbat  
  162  18:49  Factory  
  162  18:50  Factory  
  162  18:56  Hellbat  
  162  18:59  Factory  
  162  19:02  Siege Tank  
  167  19:04  SCV  
  167  19:05  Factory  
  167  19:07  Thor x2, SCV  
  167  19:08  Hellion  
  181  19:16  SCV  
  182  19:19  SCV  
  183  19:28  SCV  
  184  19:31  SCV  
  185  19:43  SCV  
  184  19:59  Thor  
  184  20:00  Thor  
  184  20:01  Hellbat x2  
  198  20:34  Infernal Pre-Igniter  
  196  20:36  Factory Reactor  
  196  20:39  Factory Tech Lab  
  196  20:45  Factory Tech Lab  
  196  20:50  Factory Reactor  
  150  21:21  Thor x2  
  150  21:22  Thor, Hellbat  
  150  21:23  Hellbat x2  
  122  21:33  Thor  
  122  21:35  Hellbat x2  
  122  21:36  Hellbat  
  122  21:39  Terran Vehicle Weapons Level 3  
  124  21:44  Hellbat x2  
  128  22:03  Missile Turret  
  128  22:04  Refinery, Thor x2  
  128  22:05  Siege Tank  
  128  22:06  Refinery  
  128  22:07  Missile Turret x2  
  143  22:08  Command Center  
  143  22:10  Orbital Command  
  143  22:15  Sensor Tower  
  143  22:16  Siege Tank  
  146  22:37  Siege Tank  
  149  22:47  Thor x2  
  149  22:48  Thor  
  149  22:51  Factory Tech Lab  
  167  23:09  Thor  
  167  23:10  Command Center  
  173  23:19  Command Center  
  173  23:21  Refinery  
  173  23:26  Missile Turret  
  173  23:27  Missile Turret, Refinery, Command Center  
  173  23:28  Missile Turret  
  170  24:15  Thor x5  
  197  24:18  Widow Mine  
  129  25:31  Thor x2  
  129  25:32  Thor x3  
  156  25:36  Widow Mine x2  
  160  25:55  SCV  
  160  25:56  Refinery  
  161  25:59  SCV  
  162  26:07  SCV  
  163  26:12  SCV  
  163  26:14  Siege Tank  
  163  26:15  Siege Tank  
  170  26:20  Planetary Fortress  
  172  26:27  Planetary Fortress  
  172  26:31  Planetary Fortress  
  170  26:39  Refinery  
  170  26:52  Refinery  
  170  26:54  Thor x2  
  182  27:13  Smart Servos  
  182  27:15  Drilling Claws  
  166  27:46  Thor, Hellbat  
  166  27:47  Thor x2, Hellbat x2  
  188  28:03  Thor x2  
Tags
 
Add a new tag
Caveats
  • Supply blocks, unpowered buildings, or Contaminate may cause inaccurate times.
  • Supply counts are checked every 10 seconds.